 Dungeon Crawl Stone Soup version 0.18.1-2-ga659475 (webtiles) character file.

322 Etesian the Skirmisher (level 6, -4/50 HPs)
             Began as a Formicid Abyssal Knight on May 9, 2016.
             Was a Believer of Lugonu.
             Killed by divine providence
             ... invoked by an orc priest
              (8 damage)
             ... on level 4 of the Dungeon.
             The game lasted 00:08:04 (2896 turns).

Etesian the Skirmisher (Formicid Abyssal Knight)    Turns: 2896, Time: 00:08:04

Health: -4/50      AC: 14    Str: 19    XL:     6   Next: 76%
Magic:  7/7        EV:  6    Int: 11    God:    Lugonu [**....]
Gold:   188        SH:  0    Dex: 10    Spells: 0 memorised, 5 levels left

rFire  . . .     SeeInvis +     a - +2 hand axe
rCold  . . .     Gourm    .     d - +1 plate armour
rNeg   . . .     Faith    .     (no shield)
rPois  .         Spirit   .     (helmet unavailable)
rElec  .         Dismiss  .     (no cloak)
rCorr  .         Reflect  .     (no gloves)
SustAt .         Harm     .     (no boots)
MR     .....                    (no amulet)
Stlth  ..........               (no ring)
                                h - +2 ring of protection

@: not resistant to hostile enchantments, extremely unstealthy
A: permanent stasis, dig shafts and tunnels, four strong arms, antennae 3
a: Dig, Shaft Self, Depart the Abyss, Bend Space, Renounce Religion


You were on level 4 of the Dungeon.
You worshipped Lugonu.
Lugonu was pleased with you.
You were not hungry.

You visited 1 branch of the dungeon, and saw 4 of its levels.
You visited the Abyss 1 time.

You collected 188 gold pieces.

Inventory:

Hand Weapons
 a - a +2 hand axe (weapon)
Armour
 d - a +1 plate armour (worn)
Jewellery
 h - a +2 ring of protection (left hand)
Scrolls
 g - 3 scrolls of remove curse
 i - 4 scrolls of enchant weapon
 k - 4 scrolls of identify
 m - 3 scrolls of enchant armour
Potions
 f - 2 potions of heal wounds
Comestibles
 b - a royal jelly
 c - a bread ration
 j - 9 chunks of flesh
 l - a meat ration
 n - a slice of pizza
 o - 4 fruits


   Skills:
 + Level 4.8 Fighting
 * Level 4.5 Axes
 + Level 4.1 Armour
 - Level 1.1 Dodging
 - Level 2.5 Invocations


You had 5 spell levels left.
You didn't know any spells.

Dungeon Overview and Level Annotations

Branches:
Dungeon (4/15)
 Temple: D:4-7

Altars:
Makhleb
Vehumet


Innate Abilities, Weirdness & Mutations

You are under a permanent stasis effect.
You can dig through walls and to a lower floor.
Your four strong arms can wield two-handed weapons with a shield.
You have a pair of large antennae on your head (SInv).


Message History

The orc priest is moderately wounded.
The orc priest hits you with a whip.
You take 5 damage, and have 16/50 hp.
You barely miss the orc priest.
The orc priest is moderately wounded.
The orc priest closely misses you.
You closely miss the orc priest.
The orc priest is moderately wounded.
The orc priest barely misses you.
You closely miss the orc priest.
The orc priest is moderately wounded.
The orc priest mumbles some strange prayers to Beogh against you.
Pain shoots through your body!
* * * LOW HITPOINT WARNING * * *
You take 12 damage, and have 4/50 hp.
MASSIVE DAMAGE!!
You slash the orc priest!
The orc priest is almost dead.
The orc priest mumbles some strange prayers to Beogh against you.
Beogh smites you!
You die...

#[# #.# #.# #.#
#######.###.#
...........#####.......#...#
...........##.....######.###
...........##.....# #.#
...........##.....# #.####
...........#####'## #....#
...........#####@# ###.##
................o# #.#
.......รท....###### #.######
............# #......#
............# #......<
............# ##.....#
.........{..# #.....#
#########'#.# #.....# .a..#
{ #.....#


You could see an orc priest.

Vanquished Creatures
  An orc wizard (D:4)
  A giant frog skeleton (D:3)
  3 worker ants
  3 gnolls (D:2)
  10 adders
  2 worms
  3 dart slugs
  A giant gecko (D:3)
  4 orcs
  A ball python (D:2)
  4 bats
  6 giant cockroaches
  4 goblins
  4 hobgoblins
  2 jackals (D:3)
  8 kobolds
  2 quokkas
  4 giant newts
  9 rats
72 creatures vanquished.

Vanquished Creatures (others)
  2 starspawn tentacles (Abyss:1)
  23 starspawn tentacle segments (Abyss:1)
25 creatures vanquished.

Grand Total: 97 creatures vanquished

Notes
Turn   | Place    | Note
--------------------------------------------------------------
     0 | Abyss:1  | Etesian the Formicid Abyssal Knight began the quest for the Orb.
     0 | Abyss:1  | Reached XP level 1. HP: 18/18 MP: 2/2
     1 | Abyss:1  | Found a corrupted altar of Lugonu.
    54 | Abyss:1  | Noticed a tentacled starspawn
    82 | Abyss:1  | Noticed a cacodemon
    84 | Abyss:2  | Found a corrupted altar of Lugonu.
   109 | Abyss:2  | Got a pitted scale mail
   112 | Abyss:2  | Noticed a small abomination
   124 | Abyss:2  | Identified the +2 scale mail of Oboamn {rN+ Regen+ Int-5} (You found it on level 2 of the Abyss)
   198 | Abyss:2  | Noticed an apocalypse crab
   201 | D:1      | Escaped the Abyss
   416 | D:1      | Reached XP level 2. HP: 25/25 MP: 3/3
   502 | D:1      | Reached * piety under Lugonu
   815 | D:2      | Found a radiant altar of Vehumet.
   851 | D:2      | Found a burning altar of Makhleb.
  1130 | D:2      | Reached XP level 3. HP: 29/30 MP: 4/4
  1206 | D:2      | Reached skill level 1 in Dodging
  1261 | D:2      | Reached XP level 4. HP: 33/37 MP: 5/5
  1663 | D:2      | Reached ** piety under Lugonu
  1663 | D:2      | Reached XP level 5. HP: 41/42 MP: 6/6
  2114 | D:3      | Reached XP level 6. HP: 49/49 MP: 7/7
  2896 | D:4      | Killed from afar by an orc priest

Skill      XL: |  1  2  3  4  5  6 |
---------------+-------------------+-----
Dodging        | 1 |  1.1
Fighting       | 4 |  4.8
Axes           | 3 4 |  4.5
Armour         | 3 4 |  4.1
Invocations    | |  2.5

Action                   |  1- 3 |  4- 6 || total
-------------------------+-------+-------++-------
Melee: Hand axe          |    75 |   203 ||   278
Invok: Depart the Abyss  |     1 |       ||     1
  Use: Scroll            |     9 |     2 ||    11
  Eat: Chunk             |     1 |     6 ||     7
Armor: Plate armour      |    46 |   141 ||   187
       Scale mail        |     5 |    16 ||    21
Dodge: Dodged            |    24 |    59 ||    83
